 Dungeon Sprint DCSS version 0.22.1-2-g9c5b331383 (webtiles) character file.

3079 Groucho the Unseen (level 9, -3/46 (47) HPs)
             Began as a Spriggan Enchanter on Dec 28, 2018.
             Was a Follower of Dithmenos.
             Slain by a crystal guardian (16 damage)
             ... in the Dungeon (Sprint II: "The Violet Keep of Menkaure").
             The game lasted 00:08:46 (2101 turns).

Groucho the Unseen (Spriggan Enchanter)             Turns: 2101, Time: 00:08:47

HP:   -3/46 (47)    AC:  2    Str:  8    XL:     9   Next: 58%
MP:   5/22          EV: 33    Int: 16    God:    Dithmenos [*.....]
Gold: 679           SH:  0    Dex: 25    Spells: 15/24 levels left

rFire    . . .     SeeInvis +   k - +0 dagger of Egem {drain, Str+2 Dex+7} (curse)
rCold    . . .     Gourm    .   (shield restricted)
rNeg     . . .     Faith    .   b - +0 robe
rPois    +         Spirit   .   (helmet restricted)
rElec    .         Reflect  .   (no cloak)
rCorr    .         Harm     .   (gloves unavailable)
MR       +....     NoTele   +   (boots unavailable)
Stlth    +++++++++.             (no amulet)
HPRegen  0.15/turn              c - ring of poison resistance
MPRegen  0.18/turn              (no ring)

@: lethally poisoned (-3 -> -10), slowed, wreathed by umbra, quick
A: very small, unfitting armour, see invisible, herbivore, speed 3, slow
metabolism 2
a: Renounce Religion


You were in the Dungeon.
You worshipped Dithmenos.
Dithmenos was aware of your devotion.
You were hungry.

You visited 1 branch You collected 1053 gold pieces.
You spent 374 gold pieces at shops.

Inventory:

Hand Weapons
 a - a +1 dagger
 k - the cursed +0 dagger of Egem (weapon) {drain, Str+2 Dex+7}
   (You bought it in a shop in the Dungeon)

   A truly terrible weapon, it drains the life of those it strikes.
   It affects your strength (+2).
   It affects your dexterity (+7).
   It has a curse placed upon it.
Armour
 b - a +0 robe (worn)
Jewellery
 c - a ring of poison resistance (left hand)
Scrolls
 j - a scroll of blinking
Potions
 e - a potion of curing
 g - a potion of haste
 i - a potion of berserk rage
Comestibles
 d - a ration


   Skills:
 + Level 5.3 Fighting
 * Level 10.3 Short Blades
 * Level 13.2 Dodging
 * Level 18.1 Stealth
 + Level 8.4 Spellcasting
 * Level 11.6 Hexes


You had 15 spell levels left.
You knew the following spells:

 Your Spells              Type           Power        Failure   Level  Hunger
a - Corona                Hex            #####..      1%          1    None
b - Ensorcelled Hibernat  Hex/Ice        ####..       1%          2    None
c - Confuse               Hex            #####...     1%          3    #......
d - Dazzling Spray        Conj/Hex       ####..       3%          3    #......

Your spell library contained the following spells:

 Spells                   Type           Power        Failure   Level  Hunger
 Tukima's Dance           Hex            #####...     1%          3    #......


Dungeon Overview and Level Annotations

Branches:
Dungeon (1/1)

Altars:
Cheibriados
Dithmenos
Elyvilon
Fedhas
Gozag
Hepliaklqana
Kikubaaqudgha
Makhleb
Nemelex Xobeh
Okawaru
Qazlal
Ru
Sif Muna
Trog
Uskayaw
Vehumet
Wu Jian
Xom
Yredelemnul
Zin
The Shining One
Beogh
Jiyva
Lugonu

Shops:
D :}}[}[%=!:?((![=

Annotations:
D exclusion: oklob plant, Roxanne


Innate Abilities, Weirdness & Mutations

You are very small and have problems with some larger weapons.
You are too small for most types of armour.
You have supernaturally acute eyesight. (SInv)
You are a herbivore.
You cover ground extremely quickly.
You need to consume almost no food.


Message History

The crystal guardian completely misses you. x2
You are too injured to fight recklessly!
Unknown command.
The helpless death drake fails to defend itself.
You skewer the death drake like a kebab!!!!!
You kill the death drake!
Dithmenos accepts your kill.
Your Short Blades skill increases to level 10!
Your Dodging skill increases to level 13!
Your Stealth skill increases to level 18!
You feel sick.
Unknown command.
Casting: Ensorcelled Hibernation (safe; 1% risk of failure)
Confirm with . or Enter, or press ? or * to list all spells.
Aiming: Dazzling Spray (safe; 3% risk of failure)
Press: ? - help, Shift-Dir - straight line, f - crystal guardian
Aim: a crystal guardian (umbra)
The spray of energy hits the crystal guardian.
You feel sick. The crystal guardian hits you!
You die...

≈≈≈≈ .... ''#++ ... ## ≈≈≈≈≈.
.. .# ##+##.. #. .#
#...##.#### +.##†#
..#..#....# #...####
#...####..## ##.k##.# [=[
##'###.##..# +.8#..#▓[!$!%
##.##)#.#..# #.@#..#▓!?($$
'.<.'###'..####..##.#▓%)$%$?
##.##.#.#....###...##▓▓▓▓▓▓▓
##'###.##.§....≈≈≈≈≈≈≈≈≈≈≈≈≈
#.#.####≈§.§..§≈#)########+##
..#..#≈≈≈§≈≈≈..≈#.._._._.#§≈≈
##.###≈≈≈≈§≈≈≈.≈#._._._..#§≈§
##'##≈≈≈≈≈≈≈≈§≈≈#_._._._.#§≈§
≈≈≈≈≈≈≈≈≈§≈§≈≈≈≈#._._._._#≈≈t


You could see a crystal guardian and a swamp drake.

Vanquished Creatures
  2 death drakes (D)
  A merfolk siren (D)
  A yaktaur (D)
  3 polar bears (D)
  A hornet (D)
  2 hippogriffs (D)
  Menkaure (D)
  A swamp drake (D)
  4 worker ants (D)
  3 worms (D)
19 creatures vanquished.

Vanquished Creatures (others)
  A crocodile (D)
1 creature vanquished.

Grand Total: 20 creatures vanquished

Notes
Turn   | Place    | Note
-------+----------+-------------------------------------------
     0 | D        | Groucho the Spriggan Enchanter began the quest for the Orb.
     0 | D        | Reached XP level 1. HP: 9/9 MP: 5/5
    17 | D        | Reached skill level 6 in Stealth
   306 | D        | Reached skill level 7 in Stealth
   313 | D        | Found Tomew's Distillery.
   313 | D        | Found Sostayqu's Jewellery Shop.
   313 | D        | Found Farphewkoica's Magic Scroll Shop.
   313 | D        | Found Dankeipp's Distillery.
   313 | D        | Found Paecw's Food Boutique.
   314 | D        | Found Vuck's Jewellery Shop.
   314 | D        | Found Ireigu Bypyd's Antique Weapon Boutique.
   314 | D        | Found Nulagh's Weapon Shop.
   314 | D        | Found Citsisas's Antique Armour Boutique.
   314 | D        | Found Qilidghe's Gadget Shop.
   314 | D        | Found Peghaylo's Armour Boutique.
   314 | D        | Noticed a crocodile
   316 | D        | Reached skill level 8 in Stealth
   316 | D        | Reached XP level 2. HP: 13/13 MP: 6/6
   321 | D        | Learned a level 2 spell: Ensorcelled Hibernation
   323 | D        | Found Hofrahaz's Gadget Shop.
   323 | D        | Found Kiteog's Gadget Boutique.
   326 | D        | Found Ytuwn's Antique Armour Boutique.
   326 | D        | Found Cooxuask's Book Shop.
   326 | D        | Noticed Menkaure
   340 | D        | Reached skill level 10 in Stealth
   340 | D        | Reached XP level 3. HP: 16/16 MP: 5/8
   346 | D        | Reached skill level 12 in Stealth
   350 | D        | Reached skill level 13 in Stealth
   350 | D        | Reached XP level 4. HP: 15/21 MP: 5/9
   381 | D        | Learned a level 3 spell: Confuse
   448 | D        | Killed Menkaure
   448 | D        | Reached skill level 1 in Fighting
   448 | D        | Reached skill level 14 in Stealth
   448 | D        | Reached skill level 5 in Hexes
   448 | D        | Reached XP level 5. HP: 15/26 MP: 4/12
   450 | D        | Noticed a great orb of eyes
   450 | D        | Noticed an oklob plant
   451 | D        | Found Suitif's Book Shoppe.
   453 | D        | Bought an uncursed ring of poison resistance for 220 gold
                  | pieces
   456 | D        | Noticed an ice dragon
   459 | D        | Noticed a hippogriff
   640 | D        | Killed a crocodile
   837 | D        | Bought a fine dagger for 154 gold pieces
   837 | D        | Identified the cursed +0 dagger of Egem {drain, Str+2
                  | Dex+7} (You bought it in a shop in the Dungeon)
   852 | D        | Noticed a hippogriff
   852 | D        | Noticed a hippogriff
   861 | D        | Killed a hippogriff
   861 | D        | Reached skill level 5 in Short Blades
   861 | D        | Reached skill level 5 in Spellcasting
   861 | D        | Reached XP level 6. HP: 16/32 MP: 10/14
   864 | D        | Killed a hippogriff
   864 | D        | Reached skill level 15 in Stealth
   864 | D        | Reached XP level 7. HP: 19/36 MP: 8/16
  1193 | D        | Noticed a merfolk siren
  1219 | D        | Killed a merfolk siren
  1219 | D        | Reached skill level 10 in Dodging
  1219 | D        | Reached skill level 16 in Stealth
  1603 | D        | Noticed Roxanne
  1620 | D        | Found a roughly hewn altar of Beogh.
  1621 | D        | Found a hazy altar of Hepliaklqana.
  1621 | D        | Found a snail-covered altar of Cheibriados.
  1623 | D        | Found a stormy altar of Qazlal.
  1623 | D        | Found a viscous altar of Jiyva.
  1623 | D        | Found a shadowy altar of Dithmenos.
  1624 | D        | Found a sacrificial altar of Ru.
  1624 | D        | Found an ancient bone altar of Kikubaaqudgha.
  1624 | D        | Found a white marble altar of Elyvilon.
  1625 | D        | Found an ornate altar of the Wu Jian Council.
  1625 | D        | Found a deep blue altar of Sif Muna.
  1625 | D        | Found a corrupted altar of Lugonu.
  1626 | D        | Found a shimmering altar of Xom.
  1626 | D        | Found a bloodstained altar of Trog.
  1626 | D        | Found a burning altar of Makhleb.
  1627 | D        | Found a glowing golden altar of the Shining One.
  1627 | D        | Found a basalt altar of Yredelemnul.
  1627 | D        | Found a hide-covered altar of Uskayaw.
  1629 | D        | Found a glowing silver altar of Zin.
  1629 | D        | Found a radiant altar of Vehumet.
  1629 | D        | Found a blossoming altar of Fedhas.
  1629 | D        | Found a sparkling altar of Nemelex Xobeh.
  1629 | D        | Noticed a hornet
  1629 | D        | Noticed a polar bear
  1629 | D        | Noticed a polar bear
  1630 | D        | Found an opulent altar of Gozag.
  1630 | D        | Found an iron altar of Okawaru.
  1630 | D        | Noticed a yaktaur
  1631 | D        | Noticed a polar bear
  1644 | D        | Killed a polar bear
  1644 | D        | Reached XP level 8. HP: 16/42 MP: 3/18
  1646 | D        | Killed a hornet
  1658 | D        | Killed a yaktaur
  1658 | D        | Reached skill level 10 in Hexes
  1663 | D        | Became a worshipper of Dithmenos the Shadowed
  1670 | D        | Killed a polar bear
  1866 | D        | Killed a polar bear
  1866 | D        | Reached skill level 17 in Stealth
  2079 | D        | Learned a level 3 spell: Dazzling Spray
  2079 | D        | Noticed a death drake
  2087 | D        | Noticed a crystal guardian
  2088 | D        | Reached * piety under Dithmenos
  2088 | D        | Reached XP level 9. HP: 46/46 MP: 18/21
  2089 | D        | Noticed a death drake
  2092 | D        | Killed a death drake
  2092 | D        | Reached skill level 5 in Fighting
  2100 | D        | Killed a death drake
  2100 | D        | Reached skill level 10 in Short Blades
  2100 | D        | Reached skill level 18 in Stealth
  2101 | D        | Slain by a crystal guardian

Skill      XL: |  1  2  3  4  5  6  7  8  9 |
---------------+----------------------------+-----
Stealth        | 8 10 13 14 15 16 17 18 | 18.1
Spellcasting   | 4 5 6 7 8 |  8.4
Hexes          | 5 7 9 10 11 | 11.6
Fighting       | 1 2 3 4 5 |  5.3
Short Blades   | 4 5 6 7 9 10 | 10.3
Dodging        | 6 7 8 10 12 13 | 13.2

Action                   |  1- 3 |  4- 6 |  7- 9 || total
-------------------------+-------+-------+-------++-------
Melee: Dagger            |    17 |    11 |    39 ||    67
 Cast: Ensorcelled Hiber |     4 |     4 |     9 ||    17
       Confuse           |       |     2 |    11 ||    13
       Dazzling Spray    |       |       |     3 ||     3
  Use: Potion            |     1 |       |     2 ||     3
 Stab: Sleeping          |     5 |     3 |     3 ||    11
       Confused          |       |     1 |     4 ||     5
       Paralysed         |       |       |     1 ||     1
Armor: Robe              |     1 |     2 |     2 ||     5
Dodge: Dodged            |     8 |    19 |    37 ||    64
